 Dungeon Crawl Stone Soup version 0.26.1-11-gd32895ea62 (webtiles) character file.

Game seed: 16045709257757182597

203 nothank2 the Cudgeller (level 5, 0/45 HPs)
             Began as a Minotaur Fighter on June 25, 2021.
             Killed from afar by an orc wizard (9 damage)
             ... with a puff of flame
             ... on level 3 of the Dungeon.
             The game lasted 00:06:19 (3571 turns).

nothank2 the Cudgeller (Minotaur Fighter)           Turns: 3571, Time: 00:06:22

Health: 0/45       AC:  6    Str: 21    XL:     5   Next: 51%
Magic:  4/4        EV:  7    Int:  5    God:
Gold:   274        SH:  0    Dex: 10    Spells: 4/4 levels left

rFire    . . .     SeeInvis .   a - +0 flail
rCold    . . .     Faith    .   c - +0 kite shield
rNeg     . . .     Spirit   .   b - +0 scale mail
rPois    .         Reflect  .   (helmet restricted)
rElec    .         Harm     .   (no cloak)
rCorr    +         Rampage  .   (no gloves)
Will     .....                  (no boots)
Stlth    ..........             (no amulet)
HPRegen  0.15/turn              m - ring of flight
MPRegen  0.09/turn              p - ring of resist corrosion

@: confused
A: retaliatory headbutt, horns 2
a: Evoke Flight


You were on level 3 of the Dungeon.
You visited 1 branch of the dungeon, and saw 4 of its levels.

You collected 274 gold pieces.

Inventory:

Hand Weapons
 a - a +0 flail (weapon)
 k - a +1 whip of draining
Missiles
 l - 29 poisoned darts (quivered)
Armour
 b - a +0 scale mail (worn)
 c - a +0 kite shield (worn)
Jewellery
 m - a ring of flight (left hand)
 p - a ring of resist corrosion (right hand)
Scrolls
 e - 3 scrolls of remove curse {unknown}
 i - 2 scrolls of enchant armour {unknown}
 j - a scroll of fear {unknown}
 n - a scroll of teleportation {unknown}
 q - a scroll of noise {unknown}
 r - 2 scrolls of identify {unknown}
Potions
 d - a potion of might
 f - a potion of ambrosia {unknown}
 g - a potion of berserk rage {unknown}
 h - 2 potions of curing {unknown}
 o - a potion of magic {unknown}
 s - a potion of mutation {unknown}


   Skills:
 - Level 3.6 Fighting
 + Level 7.0 Maces & Flails
 + Level 0.1 Throwing
 - Level 3.6 Armour
 - Level 3.6 Shields


You had 4 spell levels left.
You didn't know any spells.
Your spell library was empty.

Dungeon Overview and Level Annotations

Branches:
Dungeon (4/15)
 Temple: D:4-7

Altars:
Fedhas

Annotations:
D:4 1 runed translucent door, oc3rt's ghost, amateur KoHu


Innate Abilities, Weirdness & Mutations

You reflexively headbutt those who attack you in melee.
You have a pair of horns on your head.


Message History

The orc hits you but does no damage.
You sock the orc!
You kill the orc!
The orc hits you with a +0 club.
* * * LOW HITPOINT WARNING * * *
Something hits you but does no damage. The orc hits you but does no damage.
Something hits you but does no damage. Something hits you but does no damage.
The orc hits you with a +0 club.
* * * LOW HITPOINT WARNING * * *
There is an open door here.
Things that are here:
a +0 club; a +0 ring mail; an orc corpse You're too confused to move!
Something hits you but does no damage.
You miss the orc. You headbutt the orc.
The orc is severely wounded.
The orc barely misses you.
You hear some strange, mumbled words.
A puff of flame appears from out of thin air!
The puff of flame hits you!
You die...

# #..#.###...................# #
#..#.......).....#######.### #
#..#.........###.# #.# #
#..#.........# #.# #.#
#.(#.........# #.# #.#
#..#.........###.# #.#
####..#...........#.# #.#
......######....#{#.#######.#
................@>#.#.......#####
.....(..........#o#.#............
#####.#.###.....#.#.#........##.#
..........#.....#.#.#(######.##.#
##.#......#.....#.#.#.#....#.##.#
##.##.##........#.#.#...##.#.##.#
.#†#............#.#.#÷####.#.##.#
.#.#..###.......#.#.#......#.##.#
...#..# #.......#.#.#.######.##.#


You could see an orc.

Vanquished Creatures
  Robin (D:3)
  4 gnolls (D:3)
  5 adders
  An ooze (D:1)
  A worm (D:2)
  4 dart slugs
  4 orcs
  9 bats
  A giant cockroach (D:3)
  16 goblins
  9 hobgoblins
  4 jackals (D:1)
  A quokka (D:3)
  A ball python (D:1)
  4 frilled lizards
  17 kobolds
  13 rats
95 creatures vanquished.

Notes
Turn   | Place    | Note
-------+----------+-------------------------------------------
     0 | D:1      | nothank2 the Minotaur Fighter began the quest for the Orb.
     0 | D:1      | Reached XP level 1. HP: 19/19 MP: 0/0
    99 | D:1      | Reached skill level 3 in Maces & Flails
   268 | D:1      | Reached XP level 2. HP: 26/26 MP: 1/1
   379 | D:1      | Reached skill level 4 in Maces & Flails
   642 | D:1      | Reached XP level 3. HP: 31/31 MP: 2/2
  1398 | D:2      | Found a blossoming altar of Fedhas.
  1648 | D:2      | Reached skill level 5 in Maces & Flails
  1916 | D:2      | Reached XP level 4. HP: 38/39 MP: 3/3
  2606 | D:3      | Reached skill level 6 in Maces & Flails
  2834 | D:3      | Reached XP level 5. HP: 36/45 MP: 4/4
  3066 | D:3      | Noticed Robin
  3097 | D:3      | Killed Robin
  3321 | D:3      | Reached skill level 7 in Maces & Flails
  3550 | D:4      | Found a runed translucent door.
  3552 | D:4      | Noticed oc3rt's ghost (amateur KoHu)
  3571 | D:3      | Killed from afar by an orc wizard

Illustrated notes

Levels and vault maps discovered:
D:1:      dpeg_arrival_concentric_ovals, layout_basic
D:2:      layout_loops_corners, fedhas_altar_4
D:3:      layout_basic, nrook_loot_triangle, uniq_robin
D:4:      layout_cave_pools, ebering_ghost_sewer_f

Skill      XL: |  1  2  3  4  5 |
---------------+----------------+-----
Maces & Flails | 3 4 5 6 7 |  7.0
Fighting       | |  3.6
Throwing       | |  0.1
Armour         | |  3.6
Shields        | |  3.6

Action                   |  1- 3 |  4- 6 || total
-------------------------+-------+-------++-------
Melee: Flail             |   103 |   134 ||   237
       Headbutt          |    19 |    16 ||    35
Throw: Dart              |       |     8 ||     8
Armor: Scale mail        |    40 |    45 ||    85
Dodge: Dodged            |    37 |    40 ||    77
Block: Kite shield       |    49 |    58 ||   107
